 Dungeon Crawl Stone Soup version 0.29.0-4-gdea44cf6ec (webtiles) character file.

Game seed: 7558449457421178703

29 qw the Chopper (level 3, -8/21 HPs)
             Began as a Tengu Warper on Aug 28, 2022.
             Mangled by Terence
             ... wielding a +0 flail
              (9 damage)
             ... on level 2 of the Dungeon.
             The game lasted 00:00:06 (1281 turns).

qw the Chopper (Tengu Warper)                       Turns: 1281, Time: 00:00:06

Health: -8/21      AC:  5    Str: 13    XL:     3   Next: 16%
Magic:  7/7        EV: 11    Int: 13    God:
Gold:   40         SH:  0    Dex: 13    Spells: 6/6 levels left

rFire   . . .      SeeInvis .   Y - +0 hand axe
rCold   . . .      Faith    .   (no shield)
rNeg    . . .      Spirit   .   f - +0 ring mail
rPois   .          Reflect  .   (helmet restricted)
rElec   .          Harm     .   (no cloak)
rCorr   .          Rampage  .   (no gloves)
Will    .....                   (boots unavailable)
Stlth   +.........              (no amulet)
HPRegen 0.07/turn               (no ring)
MPRegen 0.10/turn               (no ring)

@: no status effects
A: beak, talons 3
a: no special abilities


You were on level 2 of the Dungeon.
You visited 1 branch of the dungeon, and saw 2 of its levels.

You collected 40 gold pieces.


Innate Abilities, Weirdness & Mutations

You have a beak for a mouth.
You have claws for feet.


   Skills:
 - Level 2.0 Fighting
 + Level 3.9 Axes
 - Level 1.0 Throwing
 - Level 1.1 Armour
 - Level 2.1 Dodging
 - Level 2.0 Spellcasting
 - Level 2.4 Translocations


You had 6 spell levels left.
You didn't know any spells.
Your spell library contained the following spells:

 Spells                   Type           Power      Damage    Failure   Level
 Blink                    Tloc           14%        N/A       30%         2
 Gell's Gravitas          Tloc           7%         N/A       52%         3
 Lesser Beckoning         Tloc           7%         N/A       52%         3
 Teleport Other           Tloc           7%         N/A       52%         3
 Manifold Assault         Tloc           7%         N/A       99%         5

Inventory:

Hand Weapons
 i - a +0 mace
 Y - a +0 hand axe (weapon)
Armour
 f - a +0 ring mail (worn)
Scrolls
 a - 4 scrolls of identify {unknown}
Potions
 b - a potion of mutation {unknown}
 e - a potion of curing
 g - a potion of lignification {unknown}
 j - a potion of degeneration {unknown}
 k - 2 potions of heal wounds {unknown}
 l - 2 potions of flight {unknown}

Dungeon Overview and Level Annotations

Branches:
Dungeon (2/15)

Altars:

Annotations:
D:2 Terence


Message History

Terence hits you with a +0 flail.
You hit Terence but do no damage.
Terence is heavily wounded.
Terence closely misses you.
You hit Terence but do no damage. You claw Terence, but do no damage.
Terence is heavily wounded.
Terence barely misses you.
You closely miss Terence. You peck Terence, but do no damage.
Terence is heavily wounded.
Terence hits you with a +0 flail. Terence closely misses you.
You hit Terence. Your kick misses Terence.
Terence is heavily wounded.
Terence closely misses you.
You hit Terence but do no damage. Your kick misses Terence.
You peck Terence, but do no damage.
Terence is heavily wounded.
Terence closely misses you.
You hit Terence but do no damage. You claw Terence.
Terence is heavily wounded.
Terence hits you with a +0 flail.
You barely miss Terence.
Terence is heavily wounded.
Terence hits you with a +0 flail.
You closely miss Terence. You claw Terence.
Terence is severely wounded.
Terence looks scornfully at you. Terence hits you but does no damage.
You barely miss Terence. Your peck misses Terence.
Terence is severely wounded.
Terence barely misses you.
You completely miss Terence. You punch Terence, but do no damage.
Terence is severely wounded.
Terence hits you with a +0 flail!
You hit Terence but do no damage.
Terence is severely wounded.
Terence barely misses you.
You closely miss Terence.
Terence is severely wounded.
Terence hits you with a +0 flail!
You die...

#.##..............
#.##########.#####
#.# #.# #.# #.#
#.# #.# #@#
(.......@..#
#######....(...
#########


You could see Terence.

Vanquished Creatures
  4 bats
  2 endoplasms
  4 giant cockroaches
  A goblin (D:1)
  A hobgoblin (D:1)
  6 jackals (D:1)
  2 quokkas
  A ball python (D:2)
  A frilled lizard (D:1)
  A kobold (D:2)
  2 rats
25 creatures vanquished.

Notes
Turn   | Place    | Note
-------+----------+-------------------------------------------
     0 | D:1      | qw the Tengu Warper began the quest for the Orb.
     0 | D:1      | Reached XP level 1. HP: 12/12 MP: 4/4
     0 | D:1      | 0 ||| qw: Version: 0.1-a-89-g26bdef1
     0 | D:1      | 0 ||| qw: Game counter: 1760
     0 | D:1      | 0 ||| qw: Always use a shield: true
     0 | D:1      | 0 ||| qw: God list: Okawaru
     0 | D:1      | 0 ||| qw: Allow faded altars: false
     0 | D:1      | 0 ||| qw: Do Orc after D:15 true
     0 | D:1      | 0 ||| qw: Do second Lair branch before Depths: true
     0 | D:1      | 0 ||| qw: Lair rune preference: random
     0 | D:1      | 0 ||| qw: Plans: Normal
     0 | D:1      | 0 ||| PLANNING D:1-11
   277 | D:1      | Reached XP level 2. HP: 15/17 MP: 6/6
   278 | D:1      | Reached skill level 3 in Axes
   580 | D:1      | Found a faded altar of an unknown god.
   584 | D:1      | 584 ||| Stepping ~*~*~tactically~*~*~ (stealth).
  1005 | D:1      | 1005 ||| UPGRADING to +0 ring mail.
  1015 | D:1      | 1015 ||| DROPPING +0 leather armour.
  1016 | D:1      | 1016 ||| READING scroll labelled TUQOCWULEN.
  1020 | D:1      | 1020 ||| READING scroll labelled XAUDUTOMMO.
  1021 | D:1      | 1021 ||| DRINKING 2 inky potions.
  1022 | D:1      | 1022 ||| DROPPING scroll of blinking.
  1048 | D:2      | Reached XP level 3. HP: 20/21 MP: 7/7
  1261 | D:2      | Noticed Terence
  1279 | D:2      | HP: 1/21 [Terence/+0 flail (8)]
  1281 | D:2      | Mangled by Terence

Levels and vault maps discovered:
D:1:      dpeg_arrival_rooms_c, layout_basic, hellmonk_ecumenical_altar_blasted
D:2:      layout_loops_ring, uniq_terence, uniq_crazy_yiuf_cottage

Skill      XL: |  1  2 |
---------------+-------+-----
Axes           | 3 |  3.9
Fighting       | |  2.0
Throwing       | |  1.0
Armour         | |  1.1
Dodging        | |  2.1
Spellcasting   | |  2.0
Translocations | |  2.4

Action                   || total
-------------------------++-------
Melee: Hand axe          ||    60
       Peck              ||     9
       Kick              ||     9
       Punch             ||     1
Throw: Boomerang         ||     7
  Use: Scroll            ||     2
       Potion            ||     1
Armor: Leather armour    ||    10
       Ring mail         ||     4
Dodge: Dodged            ||    51

Table legend:
 A = Non-vault XP
 B = Vault XP
 C = Vault XP percentage of total XP
 D = Non-vault monster count
 E = Vault monster count
 F = Vault count percentage of total count
                 A         B        C        D         E       F
            +---------+---------+-------+---------+---------+-------
      Total |      42 |       0 |   0.0 |      25 |       0 |   0.0
            +---------+---------+-------+---------+---------+-------
        D:1 |      32 |       0 |   0.0 |      18 |       0 |   0.0
        D:2 |      10 |       0 |   0.0 |       7 |       0 |   0.0
            +---------+---------+-------+---------+---------+-------
